 Dungeon Crawl Stone Soup version 0.24.0-123-gd5b16e6ec5 (webtiles) character file.

Game seed: 10585824669533238378, levelgen mode: deterministic

137 Elellon the Conjurer (level 5, -7/28 HPs)
             Began as a Deep Elf Conjurer on Jan 7, 2020.
             Killed from afar by Ijyb (13 damage)
             ... with a puff of flame
             ... on level 3 of the Dungeon.
             The game lasted 00:08:57 (2575 turns).

Elellon the Conjurer (Deep Elf Conjurer)            Turns: 2575, Time: 00:08:58

Health: -7/28      AC:  2    Str:  5    XL:     5   Next: 0%
Magic:  4/13       EV: 13    Int: 21    God:
Gold:   91         SH:  0    Dex: 15    Spells: 11/12 levels left

rFire    . . .     SeeInvis .   g - +0 dagger
rCold    . . .     Gourm    .   (no shield)
rNeg     . . .     Faith    .   a - +0 robe
rPois    .         Spirit   .   (no helmet)
rElec    .         Reflect  .   (no cloak)
rCorr    .         Harm     .   (no gloves)
MR       .....                  (no boots)
Stlth    ++........             (no amulet)
HPRegen  0.09/turn              (no ring)
MPRegen  0.13/turn              (no ring)

@: no status effects
A: no striking features
a: no special abilities


You were on level 3 of the Dungeon.
You were not hungry.

You visited 1 branch of the dungeon, and saw 3 of its levels.

You collected 91 gold pieces.

Inventory:

Hand Weapons
 g - a +0 dagger (weapon)
 r - a +0 hunting sling
Missiles
 b - 68 stones (quivered)
Armour
 a - a +0 robe (worn)
Jewellery
 d - an uncursed amulet of regeneration {unknown}
 h - an uncursed ring of magical power {unknown}
 j - an uncursed amulet of harm {unknown}
 l - a cursed ring of attention {unknown}
Wands
 q - a wand of flame (19)
Scrolls
 e - 2 scrolls of identify {unknown}
 f - 2 scrolls of remove curse
 m - 2 scrolls of teleportation {unknown}
 p - a scroll of enchant armour {unknown}
 s - a scroll of noise {unknown}
Potions
 k - a potion of cancellation {unknown}
 n - a potion of heal wounds
 o - a potion of agility
Comestibles
 c - 5 rations
 i - 6 chunks of flesh


   Skills:
 + Level 3.1 Dodging
 + Level 3.1 Stealth
 + Level 4.3 Spellcasting
 + Level 5.9 Conjurations


You had 11 spell levels left.
You knew the following spells:

 Your Spells              Type           Power        Failure   Level  Hunger
a - Magic Dart            Conj           ####         1%          1    None

Your spell library contained the following spells:

 Spells                   Type           Power        Failure   Level  Hunger
 Searing Ray              Conj           ####..       1%          2    #......
 Iskenderun's Mystic Bla  Conj           ####....     10%         4    ####...
 Dazzling Spray           Conj/Hex       ###...       11%         3    ##.....
 Force Lance              Conj/Tloc      ###.....     34%         4    ####...
 Fulminant Prism          Conj/Hex       ###.......   34%         4    ####...


Dungeon Overview and Level Annotations

Branches:
Dungeon (3/15)

Altars:

Annotations:
D:3 Ijyb, Terence


Message History

You hit Ijyb but do no damage.
Ijyb is severely wounded.
Ijyb barely misses you.
You closely miss Ijyb.
Ijyb is severely wounded.
Ijyb hits you with a +0 club.
* * * LOW HITPOINT WARNING * * *
You completely miss Ijyb.
Ijyb is severely wounded.
Ijyb closely misses you.
You hit Ijyb but do no damage.
Ijyb is severely wounded.
You barely miss Ijyb.
Ijyb is severely wounded.
Ijyb screams, "I cut your head off!" Ijyb barely misses you.
You hit Ijyb but do no damage.
Ijyb is severely wounded.
Ijyb zaps a wand.
The puff of flame hits you!
You die...

#####.....#
#...###.#.# .#
#.....).#<# .#
#...###.#.# †#
##)## #.#.# .# #)#
#.#.## .# #.#
#....## .#
##.####.....#####g#
................@.#
##.####.....###.###
#.....#...## #.#
#####.#.#.## #.#
.....###..# #.#
#####.#.### #[#
##....# #.# ####.#
#.# #.# #.#


You could see Ijyb.

Vanquished Creatures
  3 gnolls (D:3)
  5 adders
  An ooze (D:1)
  2 worms
  4 leopard geckos
  2 orcs (D:3)
  2 giant cockroaches
  6 goblins
  4 hobgoblins
  3 quokkas (D:2)
  A ball python (D:1)
  4 bats
  5 frilled lizards
  10 kobolds
52 creatures vanquished.

Notes
Turn   | Place    | Note
-------+----------+-------------------------------------------
     0 | D:1      | Elellon the Deep Elf Conjurer began the quest for the Orb.
     0 | D:1      | Reached XP level 1. HP: 10/10 MP: 6/6
   232 | D:1      | Reached XP level 2. HP: 15/15 MP: 5/8
   273 | D:1      | Reached skill level 5 in Conjurations
  1177 | D:2      | Reached XP level 3. HP: 9/19 MP: 3/9
  1485 | D:2      | Reached XP level 4. HP: 24/24 MP: 9/11
  2135 | D:3      | Noticed Terence
  2558 | D:3      | Noticed Ijyb
  2559 | D:3      | Reached XP level 5. HP: 28/28 MP: 10/13
  2575 | D:3      | Killed from afar by Ijyb

Levels and vault maps discovered:
D:1:      saegor_arrival_simple_d, layout_basic
D:2:      minmay_skewed_foursquare, layout_basic, first_ration
D:3:      layout_loops_ring, eat_drink_and_be_merry_uskayaw,
          minmay_misc_feat_room, grunt_qazlal_clouds, uniq_jessica, uniq_ijyb,
          uniq_terence

Skill      XL: |  1  2  3  4 |
---------------+-------------+-----
Conjurations   | 5 |  5.9
Stealth        | 3 |  3.1
Spellcasting   | 4 |  4.3
Dodging        | 3 |  3.1

Action                   |  1- 3 |  4- 6 || total
-------------------------+-------+-------++-------
Melee: Dagger            |       |     8 ||     8
 Cast: Magic Dart        |    69 |    65 ||   134
  Use: Potion            |     2 |       ||     2
       Scroll            |       |     1 ||     1
  Eat: Chunk             |     2 |     3 ||     5
Dodge: Dodged            |    10 |     7 ||    17
